 Dungeon Crawl Stone Soup version 0.21-a0-85-ga0cb861 (webtiles) character file.

66 nikopol the Skirmisher (level 4, 0/29 HPs)
             Began as a Gargoyle Berserker on June 25, 2017.
             Was a Believer of Trog.
             Slain by a gnoll (6 damage)
             ... on level 2 of the Dungeon.
             The game lasted 00:02:32 (1345 turns).

nikopol the Skirmisher (Gargoyle Berserker)         Turns: 1345, Time: 00:02:32

Health: 0/29       AC:  9    Str: 20    XL:     4   Next: 15%
Magic:  4/4        EV: 11    Int:  8    God:    Trog [**....]
Gold:   78         SH:  0    Dex: 10    Spells: 3/3 levels left

rFire    . . .     SeeInvis .   a - +0 mace
rCold    . . .     Gourm    .   (no shield)
rNeg     + . .     Faith    .   d - +0 ring mail
rPois    ∞         Spirit   .   (no helmet)
rElec    +         Reflect  .   (no cloak)
rCorr    .         Harm     .   (no gloves)
MR       .....                  (no boots)
Stlth    ..........             (no amulet)
HPRegen  0.09/turn              (no ring)
MPRegen  0.09/turn              (no ring)

@: no status effects
A: negative energy resistance 1, electricity resistance, unbreathing,
petrification resistance, rot immunity, AC +3
a: Berserk, Trog's Hand, Burn Spellbooks, Renounce Religion


You were on level 2 of the Dungeon.
You worshipped Trog.
Trog was pleased with you.
You were hungry.

You visited 1 branch of the dungeon, and saw 2 of its levels.

You collected 78 gold pieces.

Inventory:

Hand Weapons
 a - a +0 mace (weapon)
Missiles
 l - 46 arrows
Armour
 b - a +0 animal skin
 d - a +0 ring mail (worn)
Scrolls
 e - 3 scrolls of remove curse {unknown}
 i - a scroll of teleportation {unknown}
 j - a scroll of identify {unknown}
 m - a scroll of blinking {unknown}
Potions
 g - a potion of heal wounds {unknown}
 h - 2 potions of curing {unknown}
 k - 2 potions of ambrosia {unknown}
Comestibles
 c - 4 bread rations
 f - a royal jelly


   Skills:
 + Level 4.1 Fighting
 + Level 4.0 Maces & Flails
 + Level 2.4 Armour
 + Level 1.8 Dodging


You had 3 spell levels left.
You didn't know any spells.

Dungeon Overview and Level Annotations

Branches:
Dungeon (2/15)

Altars:


Innate Abilities, Weirdness & Mutations

You are resistant to torment.
Your stone body is resilient. (AC +3)
You are immune to poison.
You resist negative energy. (rN+)
You are resistant to electric shocks. (rElec)
You can survive without breathing.
You are immune to petrification.
You are immune to rotting.


Message History

The gnoll is moderately wounded.
The gnoll closely misses you. The gnoll hits you but does no damage.
You barely miss the gnoll.
The gnoll is moderately wounded.
The gnoll hits you.
* * * LOW HITPOINT WARNING * * *
You hit the gnoll.
The gnoll is heavily wounded.
The gnoll hits you.
* * * LOW HITPOINT WARNING * * *
You closely miss the gnoll.
The gnoll is heavily wounded.
The gnoll hits you but does no damage.
You hit the gnoll.
The gnoll is severely wounded.
The gnoll barely misses you.
You barely miss the gnoll.
The gnoll is severely wounded.
The gnoll misses you. The gnoll hits you.
You die...

##.#.)...........#
##.#.#####.......#
...........#####.#
...#.#.....# #.#
...#.#.##.## #.#
##.#.#..#.######.#######
#.#.#..................
#.#.#..#.######.##..###
#.#.#..#.# #@# ...
#.#....#.# #g# .
#.#...##.# #.#
#.###.##.# #.#
#.....##.# #.# ♣g♣
########.######.#...g.
#.........♣ ########.#)#
#.#.#


You could see a gnoll.

Vanquished Creatures
  2 gnolls (D:2)
  An ooze (D:1)
  A dart slug (D:1)
  A ball python (D:2)
  4 giant cockroaches
  7 goblins
  3 hobgoblins
  3 bats (D:1)
  A frilled lizard (D:2)
  10 kobolds
  6 rats
39 creatures vanquished.

Notes
Turn   | Place    | Note
-------+----------+-------------------------------------------
     0 | D:1      | nikopol the Gargoyle Berserker began the quest for the Orb.
     0 | D:1      | Reached XP level 1. HP: 14/14 MP: 1/1
   207 | D:1      | Reached XP level 2. HP: 15/19 MP: 2/2
   556 | D:1      | Reached XP level 3. HP: 22/24 MP: 3/3
   967 | D:2      | Reached ** piety under Trog
  1338 | D:2      | Reached XP level 4. HP: 14/29 MP: 4/4
  1345 | D:2      | Slain by a gnoll

Vault maps used:
D:1:      dpeg_arrival_renting
D:2:      serial_forest, infiniplex_forest_lined_room_, infiniplex_forest_end_2,
          infiniplex_forest_zigzag_2, infiniplex_forest_end_2,
          infiniplex_forest_clump_tiny, infiniplex_forest_clump_tiny,
          infiniplex_forest_straight_2

Skill      XL: |  1  2  3 |
---------------+----------+-----
Fighting       | 4 |  4.1
Maces & Flails | 4 |  4.0
Armour         | |  2.4
Dodging        | |  1.8

Action                   |  1- 3 |  4- 6 || total
-------------------------+-------+-------++-------
Melee: Mace              |   106 |     7 ||   113
 Stab: Sleeping          |     1 |       ||     1
  Eat: Chunk             |     1 |       ||     1
Armor: Animal skin       |    20 |       ||    20
       Ring mail         |    40 |     2 ||    42
Dodge: Dodged            |    88 |     3 ||    91
